[Event "Early-Titled-Tuesday-Blitz-February-06-2024"]
[Site "Chess.com"]
[Date "2024.02.06"]
[Round "3"]
[White "Casper"]
[Black "lachesisQ"]
[Result "0-1"]
[WhiteElo "2518"]
[BlackElo "3079"]
[TimeControl "180+1"]
[EndTime "8:27:42 PST"]
[Termination "lachesisQ won by resignation"]

1. Nc3 Nf6 2. Nf3 c5 3. e4 d6 4. d4 cxd4 5. Nxd4 a6 6. Bg5 e6 7. f4 h6 8. Bh4 Qb6 9. Bf2 Nc6 10.
Nxc6 Qxc6 11. Bd3 Be7 12. a4 O-O 13. O-O b6 14. e5 Bb7 15. Qf3 Qxf3 16. gxf3 Nh5 17.
Bxb6 Nxf4 18. exd6 Bxd6 19. Ne4 Be5 20. Nc5 Bd4+ 21.
Kh1 Nxd3 22. Nxb7 Bxb6 23. cxd3 Rab8 24. Nd6 Rfd8 25. Nc4 Rxd3 26. Rad1 Rd4 27. Nxb6 Rxd1 28. Rxd1 Rxb6 29. a5 Rxb2 30. Rd6 Rf2 31. Rxa6 Rxf3 32.
Kg2 Ra3 33. Ra8+ Kh7 34. Kf2 Kg6 35. Ke2 Kf5 36. Kd2 Ra2+ 37. Kc3 Rxh2 38. Kb3 Rh1 39. Kb2 Rd1 40. a6 Rd6 41. Kc3 g5 42. Kc4 f6 43.
Kc5 Rd1 44. a7 Ra1 45. Kb6 g4 46. Rh8 g3 47. Rxh6 g2 48. Rh5+ Kf4 49. Rh4+ Kf3 50. Rh3+ Kf2 51. Rh2 f5 0-1

[Event "Early-Titled-Tuesday-Blitz-February-06-2024"]
[Site "Chess.com"]
[Date "2024.02.06"]
[Round "3"]
[White "EvgenyBurmakin"]
[Black "Vazabanga"]
[Result "0-1"]
[WhiteElo "2434"]
[BlackElo "2645"]
[TimeControl "180+1"]
[EndTime "8:27:42 PST"]
[Termination "Vazabanga won by checkmate"]

1. e4 c5 2. Nc3 Nc6 3. Bb5 g6 4.
Bxc6 bxc6 5. f4 Bg7 6. Nf3 d6 7. d3 Nf6 8. O-O O-O 9. Qe1 Nd7 10. f5 Ne5 11. Qh4 e6 12. f6 Bxf6 13. Ng5 h5 14.
Rxf6 Qxf6 15. Bf4 Qg7 16. Rf1 f6 17. Bxe5 dxe5 18. Nf3 c4 19. dxc4 Ba6 20. b3 Rad8 21. Na4 Qh6 22. Qf2 Qg7 23. Nc5 Bc8 24. a4 g5 25. Nd3 g4 26. Nd2 Rd4 27. c5 f5 28. Nc4 fxe4 29. Qxf8+ Qxf8 30. Rxf8+ Kxf8 31. Ndxe5 Ba6 32. Nd6 e3 33. Ng6+ Kg7 34. Ne5 Rd1# 0-1

[Event "Early-Titled-Tuesday-Blitz-February-06-2024"]
[Site "Chess.com"]
[Date "2024.02.06"]
[Round "3"]
[White "Juwen"]
[Black "ValentinDragnev"]
[Result "1/2-1/2"]
[WhiteElo "2563"]
[BlackElo "2758"]
[TimeControl "180+1"]
[EndTime "8:27:43 PST"]
[Termination "Game drawn by repetition"]

1. e4 c5 2. Nf3 e6 3. g3 Nf6 4.
e5 Nd5 5. Bg2 Nc6 6. O-O d6 7.
exd6 Bxd6 8. d3 O-O 9. Nbd2 b6 10. Nc4 Bb7 11. Nxd6 Qxd6 12. h4 Rac8 13. Bd2 Rfe8 14.
Re1 h6 15. a3 e5 16. h5 Nd4 17. Nh4 Qd7 18. c3 Nc6 19. Be4 Rcd8 20. Qf3 Nf6 21. Rad1 Na5 22. Bxh6 Bxe4 23. dxe4 Qg4 24. Qxg4 Nxg4 25.
Bg5 f6 26. Bc1 Kh7 27. f3 Nh6 28. Bxh6 Kxh6 29. Nf5+ Kh7 30. Kf2 Nc4 31. Rxd8 Rxd8 32.
Re2 Rd1 33. Ne3 Nxe3 34. Kxe3 Kh6 35. g4 Kg5 36. Rd2 Re1+ 37. Kf2 Rb1 38. Kg3 Rg1+ 39. Kf2 Rb1 40. Ke3 Re1+ 41. Kf2 Rb1 1/2-1/2

[Event "Early-Titled-Tuesday-Blitz-February-06-2024"]
[Site "Chess.com"]
[Date "2024.02.06"]
[Round "3"]
[White "Willi_Skibbe"]
[Black "KubaGepard"]
[Result "0-1"]
[WhiteElo "2337"]
[BlackElo "2559"]
[TimeControl "180+1"]
[EndTime "8:27:43 PST"]
[Termination "KubaGepard won on time"]

1. d4 Nf6 2. Nf3 e6 3. Bg5 c5 4. e3 h6 5. Bh4 Qb6 6. Nc3 Qxb2 7. Nb5 Qb4+ 8. c3 Qa5 9. Bxf6 gxf6 10. dxc5 Bxc5 11.
Qd2 d5 12. Bd3 a6 13. Nbd4 e5 14. Nb3 Qc7 15. Be2 Be6 16. Nxc5 Qxc5 17. O-O Nd7 18. Rab1 b5 19. a4 bxa4 20. Rb4 a5 21. Rxa4 Nb6 22. Ra2 O-O 23. Rb1 Rfb8 24. Rb5 Qc7 25. Ra1 Nd7 26. Qb2 a4 27. Rxb8+ Rxb8 28. Qa3 Nc5 29.
Ne1 Rb3 30. Qa2 Qa5 31. Bd1 Rxc3 32. Bxa4 Nxa4 33. Qxa4 Qxa4 34. Rxa4 Rc1 35. Kf1 d4 36. Ke2 Bc4+ 37. Kd2 dxe3+ 38. fxe3 Rd1+ 39. Kxd1 Bb3+ 40. Ke2 Bxa4 41. g3 Bc6 42. Kf2 Be4 43. Nf3 Bxf3 44. Kxf3 f5 0-1

[Event "Early-Titled-Tuesday-Blitz-February-06-2024"]
[Site "Chess.com"]
[Date "2024.02.06"]
[Round "3"]
[White "Ariadna_Atreides"]
[Black "Quattroporte300"]
[Result "0-1"]
[WhiteElo "2180"]
[BlackElo "2397"]
[TimeControl "180+1"]
[EndTime "8:27:44 PST"]
[Termination "Quattroporte300 won on time"]

1. d4 g6 2. c4 Bg7 3. e4 d6 4.
Nc3 Nf6 5. h3 O-O 6. Bg5 h6 7.
Be3 c5 8. d5 Qa5 9. Qd2 a6 10.
Bxh6 Bxh6 11. Qxh6 Nxe4 12. Ne2 Nd7 13. Qe3 Ndf6 14.
f3 Nxc3 15. Qxc3 Qxc3+ 16. Nxc3 Bd7 17. a4 b6 18. Bd3 Rab8 19. Kd2 Kg7 20. b3 e5 21. g4 Rh8 22. h4 Rh7 23. Rh2 Rbh8 24. Rah1 Kf8 25. h5 Kg7 26. Ne4 Nxe4+ 27. Bxe4 Rh6 28.
Rg2 Kf8 29. Rgh2 f5 30. gxf5 gxf5 31. Bd3 Kf7 32. f4 Kf6 33. fxe5+ dxe5 34. Be2 f4 35. Bf3 Bf5 36. Re1 Bg6 37. Rhe2 Bxh5 38. Bxh5 Rxh5 39.
d6 Rd8 40. Kc3 Rxd6 41. Rg1 Rh3+ 42. Kc2 Kf5 43. Rg8 Re3 44. Rxe3 fxe3 45. a5 bxa5 0-1

[Event "Early-Titled-Tuesday-Blitz-February-06-2024"]
[Site "Chess.com"]
[Date "2024.02.06"]
[Round "3"]
[White "PattyCastillo"]
[Black "GustavoAOliveira"]
[Result "0-1"]
[WhiteElo "1950"]
[BlackElo "2335"]
[TimeControl "180+1"]
[EndTime "8:27:44 PST"]
[Termination "GustavoAOliveira won by resignation"]

1. d4 Nf6 2. Nf3 g6 3. Nc3 d5 4. Bf4 Bg7 5. e3 O-O 6. Be2 b6 7. Ne5 Bb7 8. h4 c5 9. h5 Nc6 10. hxg6 fxg6 11. Bh6 e6 12. Qd2 Qe7 13. f4 Rfc8 14.
O-O-O Nxe5 15. fxe5 Ne4 16. Nxe4 dxe4 17. Bxg7 Qxg7 18.
Bg4 Bd5 19. Kb1 Rf8 20. Rdf1 h5 21. Bh3 Rxf1+ 22. Rxf1 Rf8 23. Qe2 Rxf1+ 24. Qxf1 Qh6 25. Qe2 c4 26. b3 b5 27. Qf2 Qg7 28. Kb2 Qc7 29.
g4 c3+ 30. Kc1 Qa5 31. gxh5 Qa3+ 32. Kd1 Qb2 33. hxg6 Qb1+ 34. Ke2 Qxc2+ 35. Kf1 Qxf2+ 36. Kxf2 c2 0-1

[Event "Early-Titled-Tuesday-Blitz-February-06-2024"]
[Site "Chess.com"]
[Date "2024.02.06"]
[Round "3"]
[White "the_chess_child"]
[Black "MattyDPerrine"]
[Result "1-0"]
[WhiteElo "2887"]
[BlackElo "2504"]
[TimeControl "180+1"]
[EndTime "8:27:45 PST"]
[Termination "the_chess_child won on time"]

1. e4 c6 2. d3 d5 3. Nd2 g6 4. Ngf3 Bg7 5. g3 e5 6. Bg2 Ne7 7. O-O O-O 8. b4 h6 9. Bb2 Qc7 10. Re1 Nd7 11. exd5 cxd5 12. c4 dxc4 13. dxc4 Nc6 14.
Qb3 Re8 15. Ne4 Nf8 16. Rad1 Be6 17. Nc5 Rad8 18. Nxe6 Nxe6 19. Rd5 Ned4 20. Nxd4 exd4 21. Rxe8+ Rxe8 22. h4 Qe7 23. Bf3 Qxb4 24. Rb5 Qe1+ 25. Kg2 Ne5 26. Rxb7 d3 27. Bxe5 Bxe5 28. Qxd3 1-0

[Event "Early-Titled-Tuesday-Blitz-February-06-2024"]
[Site "Chess.com"]
[Date "2024.02.06"]
[Round "3"]
[White "crosky"]
[Black "pfalcon1949"]
[Result "0-1"]
[WhiteElo "2308"]
[BlackElo "1957"]
[TimeControl "180+1"]
[EndTime "8:27:45 PST"]
[Termination "pfalcon1949 won on time"]

1. d4 Nf6 2. Bg5 d5 3. Bxf6 gxf6 4. e3 c5 5. dxc5 e5 6. Nd2 Bxc5 7. Ngf3 Be6 8. Be2 Nc6 9. O-O O-O 10. c4 d4 11. exd4 Nxd4 12. Ne4 Nxe2+ 13. Qxe2 Be7 14. Rfd1 Qc7 15. b3 Rad8 16. Nh4 Rxd1+ 17. Rxd1 Rd8 18. Rxd8+ Qxd8 19. Nf3 Bg4 20. h3 Bh5 21. g4 Bg6 22.
Nh4 Qd4 23. Ng3 Bd3 24. Qd2 Bc5 25. Nhf5 Qa1+ 26. Kh2 Bxf5 27. Nxf5 Qf1 28. Kg3 Qg1+ 29. Kf3 Qh1+ 30. Kg3 Qg1+ 31. Kf3 Qh1+ 32. Ke2 Qe4+ 33. Kd1 Qb1+ 34. Qc1 Qd3+ 35. Qd2 Qb1+ 36. Ke2 Qe4+ 37. Ne3 Kg7 38. Kd1 Qb1+ 39. Qc1 Qd3+ 40. Ke1 Bb4+ 0-1

[Event "Early-Titled-Tuesday-Blitz-February-06-2024"]
[Site "Chess.com"]
[Date "2024.02.06"]
[Round "3"]
[White "GrotBchess"]
[Black "RantomOpening"]
[Result "1-0"]
[WhiteElo "2376"]
[BlackElo "2548"]
[TimeControl "180+1"]
[EndTime "8:27:46 PST"]
[Termination "GrotBchess won by resignation"]

1. e4 c5 2. Nf3 e6 3. d4 cxd4 4. Nxd4 Nf6 5. Nc3 Nc6 6. Ndb5 Bc5 7. Bf4 O-O 8. Bc7 Qe7 9. Bd6 Bxd6 10. Qxd6 Qd8 11.
O-O-O a6 12. Nd4 Ne7 13. f3 b5 14. g4 Bb7 15. g5 Ne8 16. Qg3 b4 17. Nce2 d5 18.
e5 Nc7 19. Kb1 Nb5 20. f4 a5 21. Nxb5 Nf5 22. Qf2 Ba6 23. Nbd4 Qb6 24. Qg1 Ne7 25. Nc1 a4 26. Nf5 Qc7 27. Nxe7+ Qxe7 28. Bxa6 Rxa6 29. Qd4 Rc8 30. Rhe1 Rac6 31. Rd2 Qb7 32. f5 Rc4 33. Qd3 exf5 34. Qxd5 Qxd5 35. Rxd5 Rxc2 36. Rd8+ Rxd8 37. Kxc2 Kf8 38. Nd3 Rd4 39. Rf1 g6 40. Rf4 b3+ 41. axb3 axb3+ 42. Kc3 Rd8 43. Rd4 Rb8 44. Rb4 Re8 45.
Rxb3 h6 46. gxh6 Kg8 47. Rb7 Rc8+ 48. Kd2 Rf8 49. b4 g5 50. Ke3 Re8 51. Kf3 Rd8 52.
Nc5 Rd4 53. Nd7 Kh7 54. Nc5 Kxh6 55. Rxf7 g4+ 56. Kg3 Kg5 57. Ne6+ Kh6 58. Nxd4 1-0

[Event "Early-Titled-Tuesday-Blitz-February-06-2024"]
[Site "Chess.com"]
[Date "2024.02.06"]
[Round "3"]
[White "BJthechessgod"]
[Black "KhungThep"]
[Result "0-1"]
[WhiteElo "2403"]
[BlackElo "2589"]
[TimeControl "180+1"]
[EndTime "8:27:47 PST"]
[Termination "KhungThep won on time"]

1. e4 e6 2. d4 d5 3. e5 c5 4.
c3 Qb6 5. Nf3 Nc6 6. a3 c4 7. Be2 Na5 8. Nbd2 Bd7 9. Rb1 Ne7 10.
Nf1 Qc7 11. Bf4 Nc8 12. N3d2 Nb6 13. Bg4 Be7 14. Ne3 O-O-O 15. h4 h5 16. Bxh5 g6 17.
Bf3 Bxh4 18. Ng4 Ba4 19. Qc1 Be7 20. Ke2 Qd7 21. Nf6 Qb5 22. Bg5 Rxh1 23. Qxh1 Bc2 24. Bh4 Rh8 25. g3 g5 26. Bxg5 Rxh1 27. Rxh1 Bxf6 0-1

[Event "Early-Titled-Tuesday-Blitz-February-06-2024"]
[Site "Chess.com"]
[Date "2024.02.06"]
[Round "3"]
[White "gpsji27"]
[Black "DAVIDHDZSTS"]
[Result "1-0"]
[WhiteElo "2321"]
[BlackElo "1930"]
[TimeControl "180+1"]
[EndTime "8:27:47 PST"]
[Termination "gpsji27 won by checkmate"]

1. d4 e6 2. e4 d5 3. Nc3 Nf6 4. Bg5 dxe4 5. Nxe4 Be7 6. Bxf6 Bxf6 7. Nf3 O-O 8. c3 Be7 9. Bd3 Nd7 10. Qe2 Nf6 11. O-O-O c6 12. h4 Qa5 13. Kb1 b5 14. Nxf6+ Bxf6 15. Bxh7+ Kxh7 16. Ng5+ Bxg5 17. hxg5+ Kg6 18. Qh5+ Kf5 19. Qh7+ g6 20. Qg7 Kxg5 21. Qxf8 b4 22. Qe7+ f6 23. Qh7 Qf5+ 24. Ka1 Qg4 25. Qh6+ Kf5 26.
g3 c5 27. dxc5 Bb7 28. Rhe1 Be4 29. Qe3 Bd5 30. Rd4 Qf3 31. Rf4+ Qxf4 32. Qxf4# 1-0

[Event "Early-Titled-Tuesday-Blitz-February-06-2024"]
[Site "Chess.com"]
[Date "2024.02.06"]
[Round "3"]
[White "Yeritsyaan"]
[Black "KetiTsatsalashvili"]
[Result "1-0"]
[WhiteElo "2632"]
[BlackElo "2428"]
[TimeControl "180+1"]
[EndTime "8:27:48 PST"]
[Termination "Yeritsyaan won by checkmate"]

1. d4 Nf6 2. Nc3 d5 3. Bf4 a6 4. e3 e6 5. Nf3 c5 6. dxc5 Bxc5 7. Bd3 Nc6 8. O-O h6 9. e4 dxe4 10. Nxe4 Nxe4 11. Bxe4 Qxd1 12. Rfxd1 Bd7 13. c3 O-O-O 14. b4 Be7 15. a4 g5 16. Be3 f5 17. Bc2 Bf6 18. b5 Ne5 19. Nxe5 Bxe5 20. bxa6 bxa6 21. Bd3 Bc6 22. Bxa6+ Bb7 23. Bc4 Rxd1+ 24. Rxd1 Re8 25. a5 Bxc3 26. a6 Bc6 27. Rc1 Bb2 28. Rc2 Rd8 29.
Rxb2 Rd1+ 30. Bf1 f4 31. Bc5 f3 32. gxf3 Bxf3 33. a7 Kc7 34. Be3 g4 35. Rc2+ Kb7 36.
Rc1 Rxc1 37. Bxc1 Kxa7 38. Bxh6 Kb7 39. Bg2 Kc6 40. Bxf3+ gxf3 41. Kf1 e5 42. Ke1 e4 43.
Kd2 Kd5 44. Ke3 Ke5 45. Bf4+ Kf5 46. h3 Kg6 47. Kxe4 Kh5 48. Bg3 Kg5 49. Kxf3 Kh5 50. Kf4 Kg6 51. Kg4 Kh7 52. f4 Kg6 53. h4 Kh7 54. h5 Kg8 55. Kg5 Kh7 56. f5 Kg8 57.
Kg6 Kh8 58. h6 Kg8 59. f6 Kh8 60. Be5 Kg8 61. f7+ Kf8 62. Bd6# 1-0

[Event "Early-Titled-Tuesday-Blitz-February-06-2024"]
[Site "Chess.com"]
[Date "2024.02.06"]
[Round "3"]
[White "lynette2015"]
[Black "losersgame"]
[Result "0-1"]
[WhiteElo "2193"]
[BlackElo "2534"]
[TimeControl "180+1"]
[EndTime "8:27:48 PST"]
[Termination "losersgame won on time"]

1. d4 Nf6 2. c4 Nc6 3. d5 Ne5 4. Qc2 e6 5. e4 Bc5 6. Nh3 O-O 7. Nc3 d6 8. Be2 exd5 9. cxd5 Re8 10. Bg5 h6 11.
Bh4 Ng6 12. Bg3 Bxh3 13. gxh3 Qe7 14. f3 Nh5 15. O-O-O Qg5+ 16. Kb1 Nxg3 17. hxg3 Qxg3 18. Na4 Be3 19. Qxc7 Re7 20. Qc3 Bg5 21. Qb3 Nf4 22.
Nc3 Rc8 23. Qc2 Bf6 24. Rdg1 Qf2 25. Rf1 Qb6 26. Ka1 Rxc3 27. bxc3 Nxe2 0-1

[Event "Early-Titled-Tuesday-Blitz-February-06-2024"]
[Site "Chess.com"]
[Date "2024.02.06"]
[Round "3"]
[White "jcreyes69"]
[Black "Huragan007"]
[Result "1/2-1/2"]
[WhiteElo "2419"]
[BlackElo "2593"]
[TimeControl "180+1"]
[EndTime "8:27:49 PST"]
[Termination "Game drawn by repetition"]

1. e4 c5 2. Nf3 d6 3. c3 Nf6 4. h3 g6 5. Be2 Bg7 6. Bd3 O-O 7. O-O a6 8. Bc2 b5 9. d4 cxd4 10. cxd4 Bb7 11. Re1 Nc6 12. a3 Rc8 13. Nc3 Na5 14.
Qe2 Nc4 15. e5 dxe5 16. dxe5 Nd5 17. Nxd5 Qxd5 18. Bb3 Qc6 19. Bf4 Rfd8 20. Rac1 Qb6 21. Bxc4 bxc4 22. Be3 Qb5 23. Bg5 Bxf3 24. Qxf3 Qxb2 25.
Bxe7 Re8 26. Bf6 Re6 27. Bxg7 Kxg7 28. Rb1 Qd2 29. Red1 Qg5 30. Rb7 Rf8 31. Rdd7 Qf5 32. Qxf5 gxf5 33. f4 Rc6 34. g4 fxg4 35. hxg4 c3 36.
Rbc7 Rc8 37. Rxf7+ Kg8 38. Rg7+ Kf8 39. Rgf7+ Kg8 40.
Rg7+ Kf8 41. Rgf7+ Kg8 1/2-1/2

[Event "Early-Titled-Tuesday-Blitz-February-06-2024"]
[Site "Chess.com"]
[Date "2024.02.06"]
[Round "3"]
[White "ukchessbomber"]
[Black "Schattman"]
[Result "1-0"]
[WhiteElo "2651"]
[BlackElo "2423"]
[TimeControl "180+1"]
[EndTime "8:27:49 PST"]
[Termination "ukchessbomber won on time"]

1. c4 g6 2. h3 Bg7 3. Nc3 c5 4. Nf3 Nc6 5. e3 e5 6. Be2 Nge7 7. O-O O-O 8. d3 d5 9. Rb1 d4 10. Ne4 b6 11. a3 h6 12. b4 f5 13. Ned2 Be6 14.
e4 f4 15. bxc5 bxc5 16. Rb5 Qd6 17. Nb3 a6 18. Rxc5 Rfb8 19. Rd5 Bxd5 20. exd5 Nd8 21.
Nfd2 Nxd5 22. cxd5 Qxd5 23. Bf3 Qd6 24. Bxa8 Rxa8 25. Na5 Rb8 26. Nac4 Qc5 27. a4 Nf7 28. Ba3 Qd5 29. Qg4 Kh7 30. Rb1 Rxb1+ 31. Nxb1 Qc6 32. Nbd2 Qxa4 33. Qe6 Ng5 34. Qd7 Qd1+ 35. Kh2 Kh8 36. Qc8+ Kh7 37. Qc7 Qe2 38. Bf8 Ne6 39. Qf7 Nxf8 40. Ne4 Kh8 41. Nf6 Bxf6 42. Qxf6+ Kg8 43.
Nxe5 Qxf2 44. Qf7+ Kh8 45. Qf6+ Kg8 46. Qf7+ Kh8 47.
Qxf8+ Kh7 48. Qf7+ 1-0

[Event "Early-Titled-Tuesday-Blitz-February-06-2024"]
[Site "Chess.com"]
[Date "2024.02.06"]
[Round "3"]
[White "MdChess1734"]
[Black "vaniavindy"]
[Result "1-0"]
[WhiteElo "2394"]
[BlackElo "2161"]
[TimeControl "180+1"]
[EndTime "8:27:49 PST"]
[Termination "MdChess1734 won on time"]

1. e4 c6 2. d4 d5 3. Nc3 dxe4 4. Nxe4 Bf5 5. Ng3 Bg6 6. h4 h6 7. Nh3 e5 8. dxe5 Qa5+ 9. Bd2 Qxe5+ 10. Be2 Qxb2 11.
O-O Qxc2 12. Qe1 Be7 13. Nf4 Nd7 14. Bd1 Qc5 15. Nxg6 fxg6 16. Bc3 Ngf6 17. Rc1 Qa3 18. Bc2 O-O-O 19. Bxg6 Bd6 20. Nf5 Bc7 21. Bb4 Qxa2 22. Ra1 Qc4 23. Rxa7 Qf4 24. Ra8+ Nb8 25. Ne7+ Kd7 26.
Bf5+ Ke8 27. Ng6+ 1-0

[Event "Early-Titled-Tuesday-Blitz-February-06-2024"]
[Site "Chess.com"]
[Date "2024.02.06"]
[Round "3"]
[White "FGHSMN"]
[Black "Lanshou"]
[Result "1-0"]
[WhiteElo "2936"]
[BlackElo "2707"]
[TimeControl "180+1"]
[EndTime "8:27:50 PST"]
[Termination "FGHSMN won on time"]

1. d4 Nf6 2. Bf4 d5 3. e3 c5 4. Nd2 Nc6 5. c3 Bf5 6. Ngf3 e6 7. Be2 Be7 8. Nh4 Bg6 9. Nxg6 hxg6 10. Nf3 O-O 11. O-O Qb6 12. Qb3 Rfc8 13. Rfd1 Ne4 14. h4 cxd4 15. exd4 Na5 16. Qc2 Nc4 17. Rab1 Bd6 18.
Bxd6 Ncxd6 19. Ne5 Rc7 20. h5 gxh5 21. Bxh5 g6 22.
Bg4 Kg7 23. Qc1 Rh8 24. Qf4 Nf6 25. g3 Nc4 26. Bf3 Qd6 27. Kg2 b5 28. Rh1 Rcc8 29. Qg5 Nd7 30. Ng4 f6 31. Qc1 b4 32. Rxh8 Rxh8 33. cxb4 Qxb4 34. b3 Nd2 35. Qc7 Qe7 36. Rc1 Nxf3 37. Kxf3 Re8 38. Kg2 1-0

[Event "Early-Titled-Tuesday-Blitz-February-06-2024"]
[Site "Chess.com"]
[Date "2024.02.06"]
[Round "3"]
[White "Arlo2024"]
[Black "HATilay"]
[Result "1-0"]
[WhiteElo "2298"]
[BlackElo "2506"]
[TimeControl "180+1"]
[EndTime "8:27:50 PST"]
[Termination "Arlo2024 won on time"]

1. e4 c5 2. Nc3 d6 3. g3 g6 4. Bg2 Bg7 5. d3 Nc6 6. Nge2 Rb8 7. O-O e6 8. Be3 Nge7 9. Qd2 O-O 10. Bh6 b6 11. Bxg7 Kxg7 12. d4 cxd4 13. Nxd4 Nxd4 14. Qxd4+ e5 15. Qd2 Be6 16. f4 f6 17.
Rad1 Nc8 18. fxe5 fxe5 19. Rxf8 Qxf8 20. Rf1 Qd8 21. h4 h5 22. Kh2 Rb7 23. Bh3 Bxh3 24. Kxh3 Rf7 25. Rxf7+ Kxf7 26. Qh6 Qf6 27. Kg2 Ne7 28.
Qh7+ Ke6 29. Qh6 Kd7 30. Qd2 Qe6 31. Qd3 Qg4 32. Qa6 Nc8 33. Qb7+ Kd8 34. Qd5 Qd7 35. Qg8+ Qe8 36. Qg7 Ne7 37. Qf6 Kd7 38. Qg7 Kc8 39.
a4 1-0

[Event "Early-Titled-Tuesday-Blitz-February-06-2024"]
[Site "Chess.com"]
[Date "2024.02.06"]
[Round "3"]
[White "RobertJFischer71"]
[Black "youngKID"]
[Result "0-1"]
[WhiteElo "2547"]
[BlackElo "2793"]
[TimeControl "180+1"]
[EndTime "8:27:51 PST"]
[Termination "youngKID won by resignation"]

1. e4 c5 2. Nf3 Nc6 3. d4 cxd4 4. Nxd4 e5 5. Nb5 d6 6. c4 a6 7. N5c3 g6 8. Be3 Nf6 9. Be2 Be6 10. O-O Bg7 11.
Nd2 Rc8 12. Rc1 O-O 13. f3 Nd4 14. Bd3 Nh5 15. Ne2 Nc6 16. a3 Bf6 17. b4 Bg5 18. Bf2 f5 19. Rc2 Nf6 20. Rb2 Ne7 21. Nc3 Bxd2 22.
Rxd2 Bxc4 23. Bxc4+ Rxc4 24. Rxd6 Qc7 25. Bb6 Qc8 26.
Nd5 Nexd5 27. exd5 Kf7 28. Qe2 Re8 29. Kh1 Rc2 30.
Qe1 Qc4 31. Bc5 e4 32. f4 e3 33. Rg1 Ng4 34. h3 Nf2+ 35. Kh2 Qxf4+ 0-1

[Event "Early-Titled-Tuesday-Blitz-February-06-2024"]
[Site "Chess.com"]
[Date "2024.02.06"]
[Round "3"]
[White "Rurep26"]
[Black "HansOnTwitch"]
[Result "1-0"]
[WhiteElo "2782"]
[BlackElo "3178"]
[TimeControl "180+1"]
[EndTime "8:27:52 PST"]
[Termination "Rurep26 won by resignation"]

1. d4 Nf6 2. Bf4 g6 3. Nc3 d5 4.
e3 Bg7 5. h4 h5 6. Nf3 Bg4 7.
Qd2 Bxf3 8. gxf3 c6 9. O-O-O Nbd7 10. e4 e6 11. e5 Ng8 12. Bg5 Bh6 13. f4 Bxg5 14.
fxg5 Ne7 15. Bd3 a6 16. Ne2 c5 17. c3 Qb6 18. Kb1 O-O-O 19. Rc1 Kb8 20. Rh3 Rc8 21. Rf3 Rhf8 22. Bc2 Qb5 23. Qd1 Nb6 24. Bd3 Qa5 25. dxc5 Qxc5 26. Nd4 Nc6 27. Nb3 Qe7 28. Qe2 Qc7 29. Re3 Rfd8 30. Rc2 Na4 31. f4 Qb6 32. Rg3 Na5 33. Nxa5 Qxa5 34. Ka1 Rc6 35. Rg1 Rdc8 36.
Rgc1 Rb6 37. b4 Rxb4 38. cxb4 Rxc2 39. Bxc2 Qxb4 40. Bxa4 Qxa4 41. Qd2 Qe4 42. Re1 Qf3 43. Qb4 Qf2 44. Rb1 b5 45. Rc1 1-0

[Event "Early-Titled-Tuesday-Blitz-February-06-2024"]
[Site "Chess.com"]
[Date "2024.02.06"]
[Round "3"]
[White "SoyuzTM4"]
[Black "PedroGil25"]
[Result "0-1"]
[WhiteElo "2173"]
[BlackElo "2396"]
[TimeControl "180+1"]
[EndTime "8:27:52 PST"]
[Termination "PedroGil25 won on time"]

1. e4 c5 2. Nf3 e6 3. d4 cxd4 4. c3 d5 5. exd5 Qxd5 6. cxd4 Nc6 7. Nc3 Qd8 8. Bd3 Nf6 9. O-O Be7 10. a3 O-O 11. Be3 b6 12. Qe2 Bb7 13. Rfd1 Rc8 14.
Rac1 Na5 15. Bb1 Nc4 16. Ne5 Nxe3 17. Qxe3 g6 18. Qh6 Re8 19. Ba2 Bf8 20. Qh3 Nd5 21.
Nxf7 Kxf7 22. Qxh7+ Bg7 23. Bb1 Nf4 24. d5 exd5 25.
Rd4 Qg5 26. Rxf4+ Qxf4 27. Qxg6+ Kf8 28. Rd1 d4 29. Nb5 Qf6 30. Qg3 Re2 31. Nd6 Rc7 32. Nxb7 Rxb7 33. Bd3 Re8 0-1

[Event "Early-Titled-Tuesday-Blitz-February-06-2024"]
[Site "Chess.com"]
[Date "2024.02.06"]
[Round "3"]
[White "Martial2008"]
[Black "snowlord"]
[Result "1-0"]
[WhiteElo "2687"]
[BlackElo "2861"]
[TimeControl "180+1"]
[EndTime "8:27:53 PST"]
[Termination "Martial2008 won by resignation"]

1. d4 d5 2. Nf3 e6 3. Bg5 Be7 4. Bxe7 Nxe7 5. c4 O-O 6. Nc3 a6 7. e3 Nd7 8. Bd3 dxc4 9. Bxc4 c5 10. O-O b5 11. Bd3 Bb7 12. Be4 Rb8 13. Bxb7 Rxb7 14.
Ne4 cxd4 15. Qxd4 Nc6 16. Qd6 Qb6 17. Rfd1 Na5 18. Rac1 Nc4 19. Qxb6 Ndxb6 20. b3 Na3 21. Rc6 Nd5 22. Rxa6 b4 23. Nd4 Rbb8 24. Rc1 h5 25. h3 Ra8 26. Rxa8 Rxa8 27. Nc6 Nb5 28. Rc4 Rxa2 29. Nxb4 Ra1+ 30. Kh2 Nxb4 31. Rxb4 Nc7 32. Rb8+ Kh7 33. Rb7 Rc1 34. b4 f6 35. Nd6 Kg6 36.
b5 e5 37. b6 Nd5 38. Ne8 Rc6 39. Rxg7+ Kf5 40. b7 Rb6 41. Rg8 Rxb7 42. Nd6+ 1-0

[Event "Early-Titled-Tuesday-Blitz-February-06-2024"]
[Site "Chess.com"]
[Date "2024.02.06"]
[Round "3"]
[White "ChessFighter1975"]
[Black "djano"]
[Result "1/2-1/2"]
[WhiteElo "2434"]
[BlackElo "2616"]
[TimeControl "180+1"]
[EndTime "8:27:53 PST"]
[Termination "Game drawn by repetition"]

1. d4 Nf6 2. c4 g6 3. Nc3 Bg7 4. e4 d6 5. Nge2 O-O 6. Ng3 h5 7. Bg5 Nh7 8. Be3 h4 9. Nge2 c5 10. d5 e6 11. h3 Na6 12. Qd2 Nc7 13. O-O-O exd5 14. Nxd5 Nxd5 15. Qxd5 Be6 16. Qd3 Qa5 17. Nc3 b5 18. cxb5 Bxa2 19. Nxa2 Qxa2 20. Qb1 Qa4 21. Qc2 Qa1+ 22. Qb1 Bxb2+ 23. Kc2 Qxb1+ 24. Kxb1 Be5 25. f4 Bd4 26. Bxd4 cxd4 27. Rxd4 Rfe8 28. Bd3 Nf6 29.
Rc1 Re6 30. Rc6 Rae8 31. Rdxd6 Rxd6 32. Rxd6 Nxe4 33. Rd4 Nc5 34. Bc4 Re4 35. Rxe4 Nxe4 36.
Kc2 Kf8 37. Kd3 Nd6 38. Kd4 Ke7 39. Bd3 Kd7 40. Kc5 Kc7 41. Bc2 Ne8 42. Bb3 Nd6 43.
Bc2 Nb7+ 44. Kd5 Nd6 45. Bd3 Kd7 46. Ke5 Ke7 47. Kd5 Kd7 48. Ke5 Ke7 49. Kd5 Kd7 1/2-1/2

[Event "Early-Titled-Tuesday-Blitz-February-06-2024"]
[Site "Chess.com"]
[Date "2024.02.06"]
[Round "3"]
[White "ferdipy"]
[Black "Shivagami"]
[Result "0-1"]
[WhiteElo "2405"]
[BlackElo "2222"]
[TimeControl "180+1"]
[EndTime "8:27:53 PST"]
[Termination "Shivagami won by resignation"]

1. e4 e5 2. Nf3 Nc6 3. Bc4 Nf6 4. Ng5 d5 5. exd5 Na5 6. Bb5+ c6 7. dxc6 bxc6 8. Be2 h6 9. Nf3 Bd6 10. d3 O-O 11. O-O Nd5 12. Nc3 f5 13. Re1 Qf6 14.
Bf1 Nb7 15. g3 Be6 16. Kg2 Rae8 17. Kg1 Nxc3 18. bxc3 f4 19. Be2 fxg3 20. hxg3 Bd5 21. Kg2 e4 22. dxe4 Bxe4 23. Be3 Re7 24. Bd4 Qf5 25. Be3 Ref7 26. Bc4 Bxf3+ 27. Qxf3 Qxf3+ 28. Kg1 Kh7 29. Bxf7 Rxf7 30. Rad1 Bxg3 31. fxg3 Qxg3+ 32. Kh1 Qh3+ 33. Kg1 Rf3 34. Bf2 Qg4+ 35. Kf1 Qh3+ 36.
Kg1 Rf4 37. Rd3 Rg4+ 38. Bg3 Rxg3+ 39. Rxg3 Qxg3+ 40. Kf1 Qf3+ 41. Kg1 Nd6 42. Rf1 Qg3+ 43. Kh1 Ne4 0-1

[Event "Early-Titled-Tuesday-Blitz-February-06-2024"]
[Site "Chess.com"]
[Date "2024.02.06"]
[Round "3"]
[White "agvania123"]
[Black "TrompeterImEther"]
[Result "0-1"]
[WhiteElo "2267"]
[BlackElo "2540"]
[TimeControl "180+1"]
[EndTime "8:27:54 PST"]
[Termination "TrompeterImEther won by resignation"]

1. c4 Nf6 2. Nc3 g6 3. e4 e5 4. Nf3 Bg7 5. Nxe5 O-O 6. Nf3 Re8 7. d3 d5 8. cxd5 Nxd5 9. Bd2 Nb4 10. Qb1 Bg4 11.
a3 N4c6 12. Be2 Bxf3 13. Bxf3 Nd4 14. Bd1 Nbc6 15. O-O Qd7 16. Ne2 Rad8 17. Nxd4 Nxd4 18. Bc3 c5 19. Qc1 b6 20. Rb1 f5 21. Bxd4 Bxd4 22.
Bf3 Bg7 23. exf5 Qxf5 24. Be4 Qf7 25. Qc2 Qa2 26. Rfe1 Re5 27. Qc4+ Qxc4 28. dxc4 Rd2 29. Bd5+ Kf8 30. Red1 Ree2 31. Rxd2 Rxd2 32. b4 Bd4 33. Rf1 Ra2 34. Kh1 Bxf2 35. g3 Kg7 36. bxc5 bxc5 37. Rb1 Rxa3 38. Rb7+ Kh6 39. Bg8 Bd4 40. Rxh7+ Kg5 41.
Bd5 a5 42. Rf7 a4 43. Kg2 Ra2+ 44. Kh3 a3 45. Be4 Re2 46. Bd3 Rd2 47. Be4 a2 48.
Rf4 a1=Q 49. Rg4+ Kf6 50. Rxg6+ Ke7 51. Rg7+ Bxg7 0-1